 Dungeon Crawl Stone Soup version 0.32-a0-132-g2d33c3cfaf (webtiles) character file.

Game seed: 1213190066552190769

2582 cforsyth the Fighter (level 9, -1/71 HPs)
             Began as a Djinni Hexslinger on Feb 9, 2024.
             Killed by an exploding two-headed ogre (4 damage)
             ... ignited by their inner flame
             ... on level 8 of the Dungeon.
             The game lasted 00:15:01 (7199 turns).

cforsyth the Fighter (Djinni Hexslinger)            Turns: 7199, Time: 00:15:06

Health: -1/71      AC:  9    Str:  7    XL:     9   Next: 88%
Gold:   164        EV: 11    Int: 19    God:
                   SH:  5    Dex: 16

rFire   + + +        a - +1 sling of the Sheltering Gods {speed, rElec rF+}
rCold   x . .        u - +0 buckler {AC+3}
rNeg    . . .        v - +2 leather armour {rF+}
rPois   ∞            (no helmet)
rElec   +            (no cloak)
rCorr   .            e - +0 pair of gloves
SInv    .            (boots unavailable)
Will    .....        (no amulet)
Stlth   +            (no ring)
HPRegen 0.31/turn    (no ring)
MPRegen 0.00/turn

%: infuse magic (-2 HP)
@: weak-willed, flying, inugami summoned
A: sickness immunity, fire resistance 2, cold vulnerability 1, float, innate
caster, HP casting, extra vitality 1
a: no special abilities


You were on level 8 of the Dungeon.
You visited 1 branch of the dungeon, and saw 8 of its levels.

You collected 302 gold pieces.
You spent 138 gold pieces at shops.


Innate Abilities, Weirdness & Mutations

You are immune to sickness and miasma.
You are immune to poison.
Your flesh is very heat resistant. (rF++)
You are vulnerable to cold. (rC-)
You float through the air rather than walking.
You learn spells naturally, not from books.
Your magical power is your life essence.
You have superior vitality. (+4 MHP)


   Skills:
 + Level 8.3 Fighting
 - Level 1.5 Ranged Weapons
 - Level 2.1 Dodging
 - Level 5.0 Shields
 + Level 6.9 Spellcasting
 + Level 6.9 Conjurations
 + Level 6.9 Hexes
 + Level 6.9 Summonings
 + Level 6.9 Necromancy
 + Level 6.9 Translocations
 + Level 6.9 Fire Magic
 + Level 6.9 Ice Magic
 + Level 6.9 Air Magic
 + Level 6.9 Earth Magic
 + Level 6.9 Alchemy


You knew the following spells:

 Your Spells              Type           Power      Damage    Failure   Level
a - Necrotise             Necr           100%       1d9       1%          1
c - Cause Fear            Hex            16%        N/A       14%         4
f - Inner Flame           Hex/Fire       32%        N/A       4%          3
i - Call Imp              Summ           64%        N/A       1%          2
l - Call Canine Familiar  Summ           32%        N/A       4%          3
p - Petrify               Alch/Erth      32%        N/A       14%         4
X - Jinxbite              Hex            64%        N/A       1%          2
Y - Sigil of Binding      Hex            32%        N/A       4%          3
Z - Dimensional Bullseye  Hex/Tloc       16%        N/A       14%         4
Your spell library was empty.

Inventory:

Hand Weapons
 a - the +1 sling of the Sheltering Gods (weapon) {speed, rElec rF+}
   (You found it on level 7 of the Dungeon)

   rF+:       It protects you from fire.
   rElec:     It insulates you from electricity.
Missiles
 c - 3 throwing nets {=f}
Armour
 e - a +0 pair of gloves (worn)
 u - a +0 buckler of protection (worn)
 v - a +2 leather armour of fire resistance (worn)
Magical Staves
 j - a staff of air {!a}
Wands
 t - a wand of paralysis (14)
 y - a wand of flame (41)
Scrolls
 b - 4 scrolls of poison
 d - a scroll of amnesia {unknown}
 g - a scroll of vulnerability
 l - a scroll of fog
 o - a scroll of revelation {unknown}
 A - a scroll of teleportation {@r2}
Potions
 f - a potion of lignification {unknown}
 i - a potion of cancellation
 k - 2 potions of curing {@q1}
 m - 2 potions of invisibility
 n - 2 potions of might
 p - 2 potions of enlightenment
 r - a potion of haste {@q3}
 w - a potion of brilliance
 z - a potion of ambrosia {unknown}
 B - a potion of mutation

Dungeon Overview and Level Annotations

Branches:
Dungeon (8/15)             Temple (0/1) D:4
   Lair: D:8-11

Altars:
Dithmenos
Gozag
Qazlal
Yredelemnul

Shops:
D:4 [   D:5 [

Annotations:
D:4 1 runed translucent door, Crazy Yiuf
D:5 Sigmund

## #.. #.. ###..
##...§# ###
#....§§###.#
#...§§§##@###
#..##§##.§§§.#
.....§#§h5#
.......###..###
...##..# #.....#
.. #.. #........#
. #..
.............
.................
...............


You could see a friendly cerulean imp (summoned) and a friendly inugami
(summoned).


Message History

Unknown command.
You shoot a sling bullet.
The sling bullet barely misses the two-headed ogre.
The two-headed ogre hits you with a +0 giant club!
* * * LOW HITPOINT WARNING * * *
The two-headed ogre hits you but does no damage.
Your inugami closely misses the two-headed ogre.
Your cerulean imp hits the two-headed ogre but does no damage.
Unknown command.
You shoot a sling bullet.
The sling bullet hits the two-headed ogre.
Flame seeps out of the two-headed ogre.
The two-headed ogre is almost dead.
Your inugami hits the two-headed ogre but does no damage.
The two-headed ogre hits you with a +0 giant club!!
* * * LOW HITPOINT WARNING * * *
The two-headed ogre hits you with a +0 giant spiked club!
* * * LOW HITPOINT WARNING * * *
Your cerulean imp completely misses the two-headed ogre.
Unknown command.
Unknown command.
Okay, then.
As you read the scroll labelled BEL SUCULICK, it crumbles to dust.
You hear a loud clanging noise!
It was a scroll of noise.
You hear a shout!
You hear a howl!
You hear a shout!
Your inugami hits the two-headed ogre!
The two-headed ogre explodes!
The fiery explosion engulfs you. You resist.
You die...

Skill      XL: |  1  2  3  4  5  6  7  8  9 |
---------------+----------------------------+-----
Spellcasting   | 3 4 5 6 |  6.9
Conjurations   | 3 4 5 6 |  6.9
Hexes          | 3 4 5 6 |  6.9
Summonings     | 3 4 5 6 |  6.9
Necromancy     | 3 4 5 6 |  6.9
Translocations | 3 4 5 6 |  6.9
Fire Magic     | 3 4 5 6 |  6.9
Ice Magic      | 3 4 5 6 |  6.9
Air Magic      | 3 4 5 6 |  6.9
Earth Magic    | 3 4 5 6 |  6.9
Alchemy        | 3 4 5 6 |  6.9
Fighting       | 2 3 4 5 6 8 |  8.3
Shields        | 2 4 5 |  5.0
Ranged Weapons | |  1.5
Dodging        | |  2.1

Action                     |  1- 3 |  4- 6 |  7- 9 || total
---------------------------+-------+-------+-------++-------
   Fire: Sling             |    72 |    43 |   103 ||   218
   Cast: Jinxbite          |     1 |       |       ||     1
         Necrotise         |    13 |    69 |       ||    82
         Inner Flame       |     4 |     7 |    66 ||    77
         Call Imp          |       |       |    22 ||    22
         Call Canine Famil |       |       |     6 ||     6
         Cause Fear        |       |       |     1 ||     1
  Evoke: Wand              |       |       |     1 ||     1
    Use: Scroll            |       |       |    14 ||    14
         Potion            |       |       |     1 ||     1
 Armour: Robe              |    28 |    23 |     9 ||    60
         Leather armour    |       |       |    71 ||    71
  Dodge: Dodged            |    33 |    26 |    31 ||    90
  Block: Buckler           |       |       |    13 ||    13

Levels and vault maps discovered:
D:1:      lightli_arrival_lavapool, layout_basic, minmay_pentomino_p2
D:2:      layout_loops_ring, basic_altar, basic_ecumenical_altar
D:3:      layout_basic, grunt_qazlal_sundering,
          mainiacjoe_overflow_cross_hatched
D:4:      layout_loops_cross, minmay_temple_entry_ruins, serial_shops, shop,
          minmay_fountain_box, uniq_crazy_yiuf_cottage
D:5:      layout_basic, serial_shops, nicolae_shop_tiny_real_fake_doors,
          minivault_14, grunt_ministairs_14, uniq_menkaure, uniq_sigmund,
          uniq_blork_the_orc
D:6:      layout_cave_pools, chequers_serial_rivers_small_b, uniq_jeremiah,
          uniq_duvessa
D:7:      layout_loops_cross, mainiacjoe_overflow_24_doors,
          mainiacjoe_overflow_large_starburst
D:8:      layout_cave_pools, lemuel_doored_altar,
          mainiacjoe_overflow_small_starburst, enter_bailey_8

Notes
Turn   | Place    | Note
-------+----------+-------------------------------------------
     0 | D:1      | cforsyth the Djinni Hexslinger began the quest for the Orb.
     0 | D:1      | cforsyth set off with the following spells memorised:
                  | Jinxbite, Sigil of Binding, Inner Flame, Cause Fear,
                  | Dimensional Bullseye.
     0 | D:1      | Reached XP level 1. HP: 17/17 MP: 0/0
   141 | D:1      | Reached XP level 2. HP: 22/22 MP: 0/0
   449 | D:1      | You are sucked into a shaft and drop 1 floor!
   501 | D:2      | Found a faded altar of an unknown god.
   635 | D:1      | Reached skill level 3 in Spellcasting
   635 | D:1      | Reached skill level 3 in Conjurations
   635 | D:1      | Reached skill level 3 in Hexes
   635 | D:1      | Reached skill level 3 in Summonings
   635 | D:1      | Reached skill level 3 in Necromancy
   635 | D:1      | Reached skill level 3 in Translocations
   635 | D:1      | Reached skill level 3 in Fire Magic
   635 | D:1      | Reached skill level 3 in Ice Magic
   635 | D:1      | Reached skill level 3 in Air Magic
   635 | D:1      | Reached skill level 3 in Earth Magic
   635 | D:1      | Reached skill level 3 in Alchemy
   819 | D:2      | Reached skill level 2 in Fighting
   819 | D:2      | Reached XP level 3. HP: 27/28 MP: 0/0
   819 | D:2      | Learned a level 1 spell: Necrotise
  1462 | D:3      | Reached XP level 4. HP: 7/34 MP: 0/0
  1892 | D:3      | Found a stormy altar of Qazlal.
  1921 | D:3      | Reached skill level 3 in Fighting
  1940 | D:3      | Reached XP level 5. HP: 36/40 MP: 0/0
  1940 | D:3      | Learned a level 2 spell: Call Imp
  2070 | D:3      | Found an opulent altar of Gozag.
  2561 | D:4      | Found a staircase to the Ecumenical Temple.
  2765 | D:4      | Found a runed translucent door.
  2766 | D:4      | Noticed Crazy Yiuf
  2960 | D:4      | Found Idion's Armour Emporium.
  3142 | D:5      | Entered Level 5 of the Dungeon
  3152 | D:5      | Noticed Blork the orc
  3155 | D:5      | Killed Blork the orc
  3156 | D:5      | Reached skill level 4 in Fighting
  3156 | D:5      | Reached skill level 4 in Spellcasting
  3156 | D:5      | Reached skill level 4 in Conjurations
  3156 | D:5      | Reached skill level 4 in Hexes
  3156 | D:5      | Reached skill level 4 in Summonings
  3156 | D:5      | Reached skill level 4 in Necromancy
  3156 | D:5      | Reached skill level 4 in Translocations
  3156 | D:5      | Reached skill level 4 in Fire Magic
  3156 | D:5      | Reached skill level 4 in Ice Magic
  3156 | D:5      | Reached skill level 4 in Air Magic
  3156 | D:5      | Reached skill level 4 in Earth Magic
  3156 | D:5      | Reached skill level 4 in Alchemy
  3156 | D:5      | Reached XP level 6. HP: 43/47 MP: 0/0
  3261 | D:5      | Noticed a black bear
  3264 | D:5      | Killed a black bear
  3334 | D:5      | Reached XP level 7. HP: 26/53 MP: 0/0
  3334 | D:5      | Learned a level 3 spell: Call Canine Familiar
  3448 | D:5      | Reached skill level 5 in Fighting
  3627 | D:5      | Found Tysch's Armour Emporium.
  3630 | D:5      | Bought a +0 buckler of protection for 138 gold pieces
  4114 | D:5      | Noticed Menkaure
  4117 | D:5      | Killed Menkaure
  4118 | D:5      | Reached skill level 1 in Shields
  4318 | D:5      | Noticed Sigmund
  4625 | D:5      | Reached skill level 5 in Spellcasting
  4625 | D:5      | Reached skill level 5 in Conjurations
  4625 | D:5      | Reached skill level 5 in Hexes
  4625 | D:5      | Reached skill level 5 in Summonings
  4625 | D:5      | Reached skill level 5 in Necromancy
  4625 | D:5      | Reached skill level 5 in Translocations
  4625 | D:5      | Reached skill level 5 in Fire Magic
  4625 | D:5      | Reached skill level 5 in Ice Magic
  4625 | D:5      | Reached skill level 5 in Air Magic
  4625 | D:5      | Reached skill level 5 in Earth Magic
  4625 | D:5      | Reached skill level 5 in Alchemy
  4758 | D:6      | Noticed Jeremiah
  4835 | D:5      | Reached skill level 2 in Shields
  4835 | D:5      | Reached XP level 8. HP: 54/60 MP: 0/0
  4996 | D:6      | Killed Jeremiah
  4997 | D:6      | Reached skill level 6 in Fighting
  5003 | D:6      | Reached skill level 3 in Shields
  5158 | D:6      | Noticed Duvessa
  5288 | D:6      | Killed Duvessa
  5302 | D:6      | Noticed Dowan
  5315 | D:6      | Killed Dowan
  5316 | D:6      | Reached skill level 4 in Shields
  5559 | D:6      | Reached XP level 9. HP: 52/67 MP: 0/0
  5559 | D:6      | Learned a level 4 spell: Petrify
  5786 | D:6      | Reached skill level 7 in Fighting
  5980 | D:6      | Reached skill level 6 in Spellcasting
  5980 | D:6      | Reached skill level 6 in Conjurations
  5980 | D:6      | Reached skill level 6 in Hexes
  5980 | D:6      | Reached skill level 6 in Summonings
  5980 | D:6      | Reached skill level 6 in Necromancy
  5980 | D:6      | Reached skill level 6 in Translocations
  5980 | D:6      | Reached skill level 6 in Fire Magic
  5980 | D:6      | Reached skill level 6 in Ice Magic
  5980 | D:6      | Reached skill level 6 in Air Magic
  5980 | D:6      | Reached skill level 6 in Earth Magic
  5980 | D:6      | Reached skill level 6 in Alchemy
  6223 | D:7      | Found a shadowy altar of Dithmenos.
  6229 | D:7      | Reached skill level 5 in Shields
  6437 | D:7      | Reached skill level 8 in Fighting
  6683 | D:7      | Identified the +1 sling of the Sheltering Gods {speed,
                  | rElec rF+}
  6718 | D:7      | Found a basalt altar of Yredelemnul.
  7181 | D:8      | Noticed a two-headed ogre
  7198 | D:8      | HP: 2/71 [two-headed ogre/+0 giant club (9)]
  7199 | D:8      | Killed a two-headed ogre
  7199 | D:8      | Killed by an exploding two-headed ogre... ignited by their
                  | inner flame

Vanquished Creatures
  Jeremiah (D:6)
  Menkaure (D:5)
  A water moccasin (D:6)
  Duvessa (D:6)
  A black bear (D:5)
  A sky beast (D:7)
  2 phantoms
  Blork the orc (D:5)
  2 bullfrogs
  3 scorpions
  Dowan (D:6)
  10 killer bees (D:7)
  8 jellies
  A hound (D:6)
  An orc priest (D:3)
  A gnoll bouda (D:6)
  2 sleepcaps
  3 iguanas
  An orc wizard (D:5)
  8 adders
  6 gnolls (D:6)
  A shadow imp (D:7)
  A white imp (D:5)
  A ribbon worm (D:3)
  10 orcs
  7 bats
  8 endoplasms
  5 giant cockroaches
  4 goblins
  3 hobgoblins
  5 jackals
  7 kobolds
  4 quokkas
  3 ball pythons
  5 frilled lizards
  4 rats
124 creatures vanquished.

Vanquished Creatures (collateral kills)
  A two-headed ogre (D:8)
  A jelly (D:6)
  A gnoll (D:6)
  An orc (D:5)
  A ball python (D:3)
5 creatures vanquished.

Grand Total: 129 creatures vanquished

Table legend: (Time is in decaauts)
 A = Elapsed time spent in this place.
 B = Non-inter-level travel time spent in this place.
 C = Inter-level travel time spent in this place.
 D = Time resting spent in this place.
 E = Time spent auto-exploring this place.
 F = Levels seen in this place.
 G = Mean time per level.
                   A        B        C        D        E       F      G
               +--------+--------+--------+--------+--------+-----+--------+
         Total |   7281 |   7116 |    165 |   1648 |   4328 |   8 |  910.1 |
       Dungeon |   7281 |   7116 |    165 |   1648 |   4328 |   8 |  910.1 |
               +--------+--------+--------+--------+--------+-----+--------+

Top non-repeatable levels by time:
     D:5: 1793 daAuts
     D:6: 1085 daAuts
     D:7: 1066 daAuts
     D:3: 1040 daAuts
     D:4: 793 daAuts
     D:1: 735 daAuts
     D:2: 734 daAuts
     D:8: 31 daAuts

Table legend:
 A = Non-vault XP
 B = Vault XP
 C = Vault XP percentage of total XP
 D = Non-vault monster count
 E = Vault monster count
 F = Vault count percentage of total count
                 A         B        C        D         E       F
            +---------+---------+-------+---------+---------+-------
      Total |    3603 |     899 |  20.0 |     119 |      10 |   7.8
            +---------+---------+-------+---------+---------+-------
        D:1 |      22 |       1 |   4.3 |      12 |       1 |   7.7
        D:2 |      34 |       0 |   0.0 |      15 |       0 |   0.0
        D:3 |     140 |       0 |   0.0 |      27 |       0 |   0.0
        D:4 |      34 |       0 |   0.0 |      12 |       0 |   0.0
        D:5 |     467 |     326 |  41.1 |      13 |       6 |  31.6
        D:6 |     731 |     572 |  43.9 |      17 |       3 |  15.0
        D:7 |    1362 |       0 |   0.0 |      22 |       0 |   0.0
        D:8 |     813 |       0 |   0.0 |       1 |       0 |   0.0
            +---------+---------+-------+---------+---------+-------
